 Dungeon Crawl Stone Soup version 0.29-a0-517-gbdf32494f2 (webtiles) character file.

Game seed: 11587737088921309325

66 purpskrrrp the Cudgeller (level 4, -4/24 HPs)
             Began as a Vine Stalker Berserker on May 30, 2022.
             Was a Believer of Trog.
             Slain by a gnoll
             ... wielding a +0 halberd
              (10 damage)
             ... on level 2 of the Dungeon.
             The game lasted 00:06:53 (1883 turns).

purpskrrrp the Cudgeller (Vine Stalker Berserker)   Turns: 1883, Time: 00:06:54

Health: -4/24      AC:  6    Str: 22    XL:     4   Next: 15%
Magic:  0/5        EV: 12    Int:  7    God:    Trog [**....]
Gold:   95         SH:  0    Dex: 19    Spells: 3/3 levels left

rFire   . . .      SeeInvis .   a - +0 mace
rCold   . . .      Faith    .   (no shield)
rNeg    . . .      Spirit   +   d - +0 ring mail
rPois   .          Reflect  .   l - +0 helmet
rElec   .          Harm     .   (no cloak)
rCorr   .          Rampage  .   (no gloves)
Will    .....                   (no boots)
Stlth   +.........              (no amulet)
HPRegen 0.88/turn               c - +6 ring of dexterity
MPRegen 0.09/turn               (no ring)

@: no status effects
A: fangs 2, regeneration 1, magic shield, antimagic bite, no potion heal 2
a: Renounce Religion, Berserk, Trog's Hand


You were on level 2 of the Dungeon.
You worshipped Trog.
Trog was pleased with you.
You visited 1 branch of the dungeon, and saw 2 of its levels.

You collected 95 gold pieces.

Inventory:

Hand Weapons
 a - a +0 mace (weapon)
Armour
 b - a +0 animal skin
 d - a +0 ring mail (worn)
 l - a +0 helmet (worn)
Jewellery
 c - a +6 ring of dexterity (left hand)
 g - a ring of fire
Scrolls
 e - a scroll of summoning {unknown}
 i - a scroll of identify {unknown}
 m - a scroll of teleportation {unknown}
Potions
 f - 2 potions of cancellation {unknown}
 h - a potion of mutation {unknown}
 j - a potion of lignification {unknown}
 k - a potion of flight {unknown}


   Skills:
 + Level 3.1 Fighting
 * Level 3.4 Maces & Flails
 + Level 2.1 Armour
 + Level 2.1 Dodging


You had 3 spell levels left.
You didn't know any spells.
Your spell library was empty.

Dungeon Overview and Level Annotations

Branches:
Dungeon (2/15)

Altars:

Shops:
D:1 (


Innate Abilities, Weirdness & Mutations

You have extremely sharp teeth.
Your natural rate of healing is unusually fast.
When hurt, damage is shared between your health and your magic reserves.
Your bite disrupts and absorbs the magic of your enemies.
Potions cannot restore your health.


Message History

The goblin hits you with a +0 club. The goblin hits you with a +0 club.
Things that are here:
a +0 short sword; a kobold corpse The goblin hits you with a +0 club.
You barely miss the goblin. The goblin closely misses you.
The goblin hits you but does no damage.
You barely miss the goblin. You bite the goblin. You drain its power.
You feel invigorated.
The goblin is moderately wounded.
The goblin closely misses you.
You hit the goblin.
You kill the goblin!
Trog accepts your kill.
Things that are here:
a +0 short sword; a kobold corpse You now have 95 gold pieces (gained 9).
Things that are here:
a +0 club; a +0 hunting sling; a goblin corpse 4 gnolls come into view.
Found a club and 8 gold pieces.
Found two stone staircases leading up.
The gnoll shouts! x4
Found a falchion.
The gnoll closely misses you. The gnoll barely misses you.
The gnoll hits you from afar with a +0 halberd.
You hit the gnoll. You bite the gnoll. You drain its power.
The gnoll is severely wounded.
The gnoll hits you with a +0 flail! The gnoll closely misses you.
The gnoll hits you but does no damage. The gnoll attacks as you move away!
The gnoll hits you with a +0 flail.
You closely miss the gnoll.
The gnoll is severely wounded.
The gnoll barely misses you.
The gnoll hits you from afar with a +0 halberd!
* * * LOW HITPOINT WARNING * * *
You hit the gnoll. You bite the gnoll, but do no damage.
The gnoll is severely wounded.
The gnoll closely misses you.
The gnoll hits you from afar with a +0 halberd!
You die...

######### #........
#........ ##### #........
#...# #g....... #...##
#........
######..).########gg......
........).......@gg.......
.#####........####........
#####..####.### #........
......## #.# ).<......
.####### #.#### .#.)...#.
........ #....##. ..<....
........ ####.##. .....$.
######## #.##. ......... #
### ....>.....


You could see 4 gnolls.

Vanquished Creatures
  Robin (D:2)
  A worm (D:2)
  2 bats (D:1)
  4 endoplasms
  3 giant cockroaches
  12 goblins (D:2)
  2 hobgoblins (D:1)
  4 quokkas
  3 ball pythons
  A frilled lizard (D:2)
  10 kobolds
  A rat (D:2)
44 creatures vanquished.

Vanquished Creatures (others)
  7 toadstools (D:2)
7 creatures vanquished.

Grand Total: 51 creatures vanquished

Notes
Turn   | Place    | Note
-------+----------+-------------------------------------------
     0 | D:1      | purpskrrrp the Vine Stalker Berserker began the quest for
                  | the Orb.
     0 | D:1      | Reached XP level 1. HP: 11/11 MP: 2/2
   556 | D:1      | Reached XP level 2. HP: 9/16 MP: 1/3
   823 | D:1      | Found a faded altar of an unknown god.
  1138 | D:1      | Found Isasaah's Antique Weapon Emporium.
  1240 | D:2      | Reached XP level 3. HP: 14/19 MP: 2/4
  1422 | D:2      | Reached ** piety under Trog
  1720 | D:2      | Noticed Robin
  1737 | D:2      | Killed Robin
  1741 | D:2      | Gained mutation: Your natural rate of healing is unusually
                  | fast. [Vine Stalker growth]
  1741 | D:2      | Reached XP level 4. HP: 14/24 MP: 3/5
  1883 | D:2      | Slain by a gnoll

Illustrated notes

Levels and vault maps discovered:
D:1:      matt_arrival_spirals, layout_rooms, serial_shops,
          nicolae_shop_advertising_works [nicolae_subvault_shop_adworks],
          basic_ecumenical_altar, chequers_serial_rivers_micro_b, minivault_23
D:2:      cheibrodos_fertilizer, layout_rooms, small_statue_intersection,
          uniq_robin

Skill      XL: |  1  2  3 |
---------------+----------+-----
Maces & Flails | 3 |  3.4
Fighting       | 3 |  3.1
Armour         | 2 |  2.1
Dodging        | 2 |  2.1

Action                   |  1- 3 |  4- 6 || total
-------------------------+-------+-------++-------
Melee: Mace              |    98 |    17 ||   115
       Bite              |    17 |     6 ||    23
       Punch             |     1 |       ||     1
Armor: Animal skin       |     4 |       ||     4
       Ring mail         |    31 |     7 ||    38
Dodge: Dodged            |    74 |    11 ||    85

Table legend: (Time is in decaauts)
 A = Elapsed time spent in this place.
 B = Non-inter-level travel time spent in this place.
 C = Inter-level travel time spent in this place.
 D = Time resting spent in this place.
 E = Time spent auto-exploring this place.
 F = Levels seen in this place.
 G = Mean time per level.
                   A        B        C        D        E       F      G
               +--------+--------+--------+--------+--------+-----+--------+
         Total |   1910 |   1820 |     90 |    281 |   1194 |   2 |  955.0 |
       Dungeon |   1910 |   1820 |     90 |    281 |   1194 |   2 |  955.0 |
               +--------+--------+--------+--------+--------+-----+--------+

Top non-repeatable levels by time:
     D:1: 1240 daAuts
     D:2: 670 daAuts
